 Dungeon Crawl Stone Soup version 0.21.1-1-g345015f (webtiles) character file.

6831 johnjohn the Fighter (level 10, -8/101 HPs)
             Began as a Minotaur Fighter on June 7, 2018.
             Was an Initiate of Gozag.
             Mangled by Snorg (11 damage)
             ... on level 10 of the Dungeon.
             The game lasted 01:00:00 (10016 turns).

johnjohn the Fighter (Minotaur Fighter)            Turns: 10016, Time: 01:00:01

Health: -8/101     AC: 16    Str: 30    XL:     10   Next: 77%
Magic:  9/9        EV:  8    Int:  5    God:    Gozag
Gold:   923        SH: 10    Dex: 14    Spells: 9/9 levels left

rFire    . . .     SeeInvis +   a - +0 war axe
rCold    . . .     Gourm    +   c - +0 shield
rNeg     + . .     Faith    .   R - +3 scale mail "Papaosk" {rN+ Str+5}
rPois    +         Spirit   .   M - +1 hat
rElec    .         Reflect  .   (no cloak)
rCorr    .         Harm     .   H - +2 pair of gloves
MR       .....                  E - +0 pair of boots
Stlth    ..........             q - amulet of the gourmand
HPRegen  0.26/turn              P - ring of see invisible
MPRegen  0.11/turn              i - ring of poison resistance

@: mighty, gold aura
A: retaliatory headbutt, horns 2
a: Potion Petition, Call Merchant, Bribe Branch, Renounce Religion


You were on level 10 of the Dungeon.
You worshipped Gozag.
Gozag was pleased with you.
You were not hungry.

You visited 1 branch of the dungeon, and saw 10 of its levels.
You also visited: Ossuary.

You collected 1728 gold pieces.
You paid 805 gold pieces to Gozag.

Inventory:

Hand Weapons
 a - a +0 war axe (weapon)
 y - a +3 hunting sling
Missiles
 w - 14 tomahawks (quivered)
Armour
 c - a +0 shield (worn)
 E - a +0 pair of boots (worn)
 H - a +2 pair of gloves (worn)
 M - a +1 hat (worn)
 R - the +3 scale mail "Papaosk" (worn) {rN+ Str+5}
   (You found it on level 8 of the Dungeon)

   It affects your strength (+5).
   It protects you from negative energy.
 S - the +2 pair of boots "Foemoik" {+Fly rF+++ Int-3 Dex-4}
   (You found it on level 8 of the Dungeon)

   It affects your intelligence (-3).
   It affects your dexterity (-4).
   It renders you almost immune to fire.
   It lets you fly.
Jewellery
 b - an uncursed ring of protection from cold
 e - an uncursed ring of protection from magic
 g - a +2 amulet of reflection
 i - a ring of poison resistance (right hand)
 p - an uncursed ring of protection from magic
 q - an amulet of the gourmand (around neck)
 P - a ring of see invisible (left hand)
Wands
 t - a wand of paralysis (25)
 C - a wand of iceblast (4)
 I - a wand of flame (60)
 J - a wand of random effects (18)
Scrolls
 k - 4 scrolls of fear {unknown}
 l - 5 scrolls of immolation {unknown}
 n - 2 scrolls of enchant armour {unknown}
 o - 10 scrolls of teleportation
 r - 2 scrolls of blinking {unknown}
 u - a scroll of magic mapping {unknown}
 x - 7 scrolls of remove curse {unknown}
 z - 3 scrolls of enchant weapon {unknown}
 A - a scroll of fog {unknown}
 N - 6 scrolls of amnesia {unknown}
 Q - a scroll of random uselessness {unknown}
Potions
 h - 5 potions of degeneration
 j - 2 potions of mutation
 m - 7 potions of brilliance
 s - 2 potions of resistance
 v - 3 potions of haste
 B - 4 potions of curing
 D - a potion of heal wounds {unknown}
 F - a potion of agility
 G - 3 potions of magic
 K - 2 potions of flight {unknown}
 L - 2 potions of invisibility {unknown}
 O - 4 potions of lignification
 T - a potion of berserk rage {unknown}
Comestibles
 f - 13 rations


   Skills:
 + Level 13.2 Fighting
 + Level 13.0 Axes
 + Level 7.3 Armour
 - Level 3.6 Shields


You had 9 spell levels left.
You didn't know any spells.

Dungeon Overview and Level Annotations

Branches:
Dungeon (10/15)            Temple (0/1) D:4
   Lair: D:8-11         Orc: D:9-12

Altars:
Cheibriados
Fedhas
Gozag
Kikubaaqudgha
Okawaru
Vehumet
Yredelemnul

Shops:
D:9 (   D:10 =

Annotations:
D:8 olivier's ghost, novice GnFi
D:10 Snorg


Innate Abilities, Weirdness & Mutations

You reflexively headbutt those who attack you in melee.
You have a pair of horns on your head.


Message History

* * * LOW HITPOINT WARNING * * *
Snorg barely misses you.
You slash Snorg! You headbutt Snorg.
Snorg is severely wounded.
You block Snorg's attack. Snorg claws you.
* * * LOW HITPOINT WARNING * * *
Snorg barely misses you.
You slash Snorg! You headbutt Snorg!!
Snorg is almost dead.
Snorg bites you!
* * * LOW HITPOINT WARNING * * *
Snorg claws you!
* * * LOW HITPOINT WARNING * * *
You block Snorg's attack.
The orc is distracted by the nearby gold.
The orc shouts!
Snorg bites you but does no damage. You block Snorg's attack. x2
Snorg bites you!
You die...
Your body crumbles into a pile of gold.

##############
#...)..@To...####
############.(..########
####......(.. #########.
........ #######. ##
#### .[..


You could see Snorg (berserk) and an orc.

Vanquished Creatures
  A two-headed ogre (D:8)
  Pikel (D:7)
  The ghost of Amon001 the Shield-Bearer, a novice GrFi (D:5)
  A troll (D:9)
  A hornet (D:10)
  2 hippogriffs
  Menkaure (D:5)
  Edmund (D:5)
  A water moccasin (D:8)
  A hornet zombie (Ossuary)
  An orc warrior (D:9)
  2 slaves (D:7)
  3 ice beasts
  A phantom (D:6)
  3 ogres
  2 sky beasts
  2 centaurs
  4 bullfrogs
  A wyvern zombie (Ossuary)
  A scorpion (D:10)
  10 killer bees
  The ghost of kae the Ruffian, a weakling DrTm (D:3)
  5 wights (D:9)
  A howler monkey (D:5)
  2 centaur zombies (Ossuary)
  5 bullfrog zombies
  4 crimson imps
  8 hounds
  A jelly (D:5)
  A centaur skeleton (D:4)
  13 orc priests
  4 orc wizards
  2 bullfrog skeletons
  5 iguanas
  7 worker ants
  A killer bee zombie (D:8)
  7 mummies (Ossuary)
  4 hound zombies (Ossuary)
  2 howler monkey zombies (Ossuary)
  4 worker ant zombies (Ossuary)
  A gnoll (D:5)
  2 howler monkey skeletons
  11 adders
  3 shadow imps
  An ooze (D:2)
  3 adder zombies
  3 worms
  2 dart slugs
  3 leopard geckos
  43 orcs
  A ball python (D:2)
  6 giant cockroaches
  14 hobgoblins
  6 jackals (D:1)
  7 quokkas
  A ball python zombie (Ossuary)
  6 bats
  5 frilled lizards
  4 giant cockroach zombies
  8 goblins
  2 jackal zombies
  15 kobolds
  A leopard gecko skeleton (D:4)
  A quokka skeleton (D:5)
  7 rats
  A withered plant (Ossuary)
275 creatures vanquished.

Vanquished Creatures (others)
  A withered plant (Ossuary)
1 creature vanquished.

Grand Total: 276 creatures vanquished

Notes
Turn   | Place    | Note
-------+----------+-------------------------------------------
     0 | D:1      | johnjohn the Minotaur Fighter began the quest for the Orb.
     0 | D:1      | Reached XP level 1. HP: 19/19 MP: 0/0
   270 | D:1      | Reached XP level 2. HP: 23/27 MP: 1/1
   510 | D:1      | Reached XP level 3. HP: 31/34 MP: 2/2
  1021 | D:2      | Reached XP level 4. HP: 41/41 MP: 3/3
  1056 | D:2      | Reached skill level 5 in Fighting
  2173 | D:3      | Reached XP level 5. HP: 30/49 MP: 4/4
  2333 | D:3      | Noticed kae's ghost (weakling DrTm)
  2348 | D:3      | Killed kae's ghost
  2348 | D:3      | Reached skill level 5 in Axes
  2632 | D:3      | Found a faded altar of an unknown god.
  2855 | D:4      | Found an opulent altar of Gozag.
  2862 | D:4      | Became a worshipper of Gozag Ym Sagoz the Greedy
  2890 | D:4      | Found a radiant altar of Vehumet.
  2936 | D:4      | Reached XP level 6. HP: 57/57 MP: 5/5
  3226 | D:4      | Found an ancient bone altar of Kikubaaqudgha.
  3413 | D:4      | Found a staircase to the Ecumenical Temple.
  3529 | D:4      | Found a basalt altar of Yredelemnul.
  3532 | D:4      | Found a blossoming altar of Fedhas.
  3616 | D:4      | Found an opulent altar of Gozag.
  3764 | D:5      | Entered Level 5 of the Dungeon
  3777 | D:5      | Noticed Edmund
  3792 | D:5      | Killed Edmund
  3792 | D:5      | Reached XP level 7. HP: 66/66 MP: 6/6
  3954 | D:5      | Noticed Menkaure
  3964 | D:5      | Killed Menkaure
  4034 | D:5      | Noticed Amon001's ghost (novice GrFi)
  4044 | D:5      | Killed Amon001's ghost
  4044 | D:5      | Reached XP level 8. HP: 61/75 MP: 7/7
  4179 | D:5      | Found an iron altar of Okawaru.
  5160 | D:6      | Reached skill level 10 in Fighting
  5377 | D:6      | Reached skill level 10 in Axes
  5632 | D:6      | Reached XP level 9. HP: 81/86 MP: 8/8
  5810 | D:6      | Found a snail-covered altar of Cheibriados.
  6279 | D:7      | Noticed Pikel
  6296 | D:7      | Killed Pikel
  6630 | D:8      | Noticed olivier's ghost (novice GnFi)
  6825 | D:8      | Found a sand-covered staircase.
  6845 | Ossuary  | Entered an ossuary
  7531 | D:8      | Got a pair of brightly glowing boots
  7542 | D:8      | Identified the +2 pair of boots "Foemoik" {+Fly rF+++ Int-3 Dex-4} (You found it on level 8 of the Dungeon)
  7569 | D:8      | Noticed a two-headed ogre
  7587 | D:8      | Killed a two-headed ogre
  7587 | D:8      | Reached skill level 5 in Armour
  7587 | D:8      | Reached XP level 10. HP: 54/99 MP: 9/9
  8023 | D:8      | Got a translucent scale mail
  8034 | D:8      | Identified the +3 scale mail "Papaosk" {rN+ Str+5} (You found it on level 8 of the Dungeon)
  9591 | D:10     | Entered Level 10 of the Dungeon
  9645 | D:10     | Found Wajaam's Jewellery Shop.
  9694 | D:10     | Noticed Snorg
  9724 | D:10     | Paralysed by a hornet for 3 turns
 10015 | D:10     | HP: 2/101 [Snorg (11)]
 10016 | D:10     | Mangled by Snorg

Skill      XL: |  1  2  3  4  5  6  7  8  9 10 |
---------------+-------------------------------+-----
Fighting       | 4 5 6 7 8 10 12 13 | 13.2
Axes           | 3 4 5 6 8 10 12 13 | 13.0
Armour         | 5 7 |  7.3
Shields        | |  3.6

Action                   |  1- 3 |  4- 6 |  7- 9 | 10-12 || total
-------------------------+-------+-------+-------+-------++-------
Melee: War axe           |    89 |   140 |   386 |   182 ||   797
       Headbutt          |    15 |    23 |    92 |    43 ||   173
Throw: Tomahawk          |       |     6 |    27 |     6 ||    39
Invok: Call Merchant     |       |       |       |     1 ||     1
Evoke: Wand              |       |     1 |     5 |     1 ||     7
  Use: Potion            |       |     1 |     2 |     2 ||     5
       Scroll            |       |       |    10 |     1 ||    11
 Stab: Paralysed         |       |     5 |     3 |       ||     8
  Eat: Chunk             |     1 |    25 |       |       ||    26
       Ration            |       |       |     3 |     2 ||     5
Armor: Scale mail        |    32 |    32 |   172 |    98 ||   334
Dodge: Dodged            |    26 |    40 |    76 |    51 ||   193
Block: Shield            |    57 |    65 |   151 |    95 ||   368
       Reflection        |     4 |     1 |       |       ||     5
